 Dungeon Crawl Stone Soup version 0.14-a0-77-g9a1e883 (webtiles) character file.

324 PolkaDot the Slasher (level 6, -5/73 HPs)
             Began as a Demonspawn Fighter on Oct 1, 2013.
             Slain by a gnoll
             ... wielding a +0,+0 spear of chaos
              (11 damage)
             ... on Level 4 of the Dungeon.
             The game lasted 00:11:33 (2640 turns).

PolkaDot the Slasher (Demonspawn Fighter)           Turns: 2640, Time: 00:11:33

HP  -5/73        AC 13     Str 22      XL: 6   Next: 12%
MP   5/5         EV 10     Int  9      God:
Gold 28          SH 20     Dex 19      Spells:  0 memorised,  5 levels left

Res.Fire  : . . .   See Invis. : .   a - +0 falchion
Res.Cold  : . . .   Warding    : .   b - +0 scale mail
Life Prot.: . . .   Conserve   : +   c - +0 shield
Res.Poison: .       Res.Corr.  : +   (helmet restricted)
Res.Elec. : .       Clarity    : .   x - +2 cloak {rCorr, Cons}
Sust.Abil.: . .     Spirit.Shd : .   k - +0 pair of gloves
Res.Mut.  : .       Stasis     : .   (no boots)
Res.Rott. : .       Flight     : .   (no amulet)
Saprovore : . . .                    (no ring)
                                     (no ring)

@: agile, berserking, very quick, slightly resistant to hostile enchantments,
extremely unstealthy
A: antennae 2, spit poison 1, AC +3, EV -1
a: Spit Poison


You were on level 4 of the Dungeon.
You were not hungry.

You visited 1 branch of the dungeon, and saw 4 of its levels.

You collected 199 gold pieces.
You spent 191 gold pieces at shops.

Inventory:

Hand weapons
 a - a +0,+0 falchion (weapon)
Armour
 b - a +0 scale mail (worn)
 c - a +0 shield (worn)
 k - a +0 pair of gloves (worn)
 x - a +2 cloak of preservation (worn)
Comestibles
 d - 2 bread rations
 j - 4 meat rations
 o - a pear
 u - a chunk of adder flesh
 v - 4 rotting chunks of orc flesh
 w - a rotting chunk of orc flesh
 z - a rotting chunk of rat flesh
 A - a rotting chunk of goblin flesh
 B - a chunk of hobgoblin flesh
 C - 4 chunks of orc flesh
 D - an apple
Scrolls
 h - 2 scrolls of amnesia {unknown}
 i - a scroll of blinking {unknown}
 m - a scroll of enchant weapon I {unknown}
 n - a scroll of remove curse
 p - 4 scrolls of teleportation {unknown}
 q - a scroll of recharging {unknown}
 r - 2 scrolls of identify
 s - a scroll of curse armour {unknown}
 t - a scroll of magic mapping {unknown}
Potions
 g - a potion of flight {unknown}


   Skills:
 + Level 4.4 Fighting
 * Level 5.1 Long Blades
 - Level 2.6 Armour
 - Level 2.6 Shields


You had 5 spell levels left.
You didn't know any spells.

Dungeon Overview and Level Annotations

Branches:
Dungeon (4/27)
 Temple: D:4-7

Altars:
Xom

Shops:
D:4 [


Innate Abilities, Weirdness & Mutations

You have a pair of antennae on your head.
You are mostly covered in molten scales (AC +3, EV -1).
You can spit poison.


Message History

You are too injured to fight recklessly!
You are too injured to fight recklessly!
Drink which item? (? for menu, Esc to quit)
You feel better.
It was a potion of curing.
The gnoll hits you but does no damage.
You are electrocuted!
* * * LOW HITPOINT WARNING * * *
You block the gnoll's attack.
Press: ? - help, v - describe, . - travel
Here: a gnoll, wielding a spear of chaos (heavily wounded)
The floor.
Drink which item? (? for menu, Esc to quit)
You feel more agile all of a sudden.
The gnoll hits you from afar with a spear of chaos.
* * * LOW HITPOINT WARNING * * *
A red film seems to cover your vision as you go berserk!
You feel yourself moving faster!
You feel mighty!
A quokka comes into view.
You are too berserk!
The gnoll hits you but does no damage.
You are electrocuted!
You die...

.......# ###'#### .......#
.####### .......# ..r.....
.......# ......... .......#
?........ .......# .........
......###########.=......
......#_ยงยง....g.@.........
......###########.........
###'#.....................
..#.#....................
..#>......................
..#.#.....................
..#)#..............?......
..#.#......................
..#.##.....................


You could see a gnoll and a quokka.

Vanquished Creatures
  An ogre (D:4)
  2 hounds (D:4)
  An orc priest (D:4)
  5 adders
  A giant mite (D:3)
  A giant gecko (D:3)
  2 oozes
  3 orcs (D:4)
  3 giant cockroaches
  10 goblins
  7 hobgoblins
  10 jackals
  11 kobolds
  2 quokkas
  5 bats
  3 giant newts
  7 rats
74 creatures vanquished.

Notes
Turn   | Place    | Note
--------------------------------------------------------------
     0 | D:1      | PolkaDot, the Demonspawn Fighter, began the quest for the Orb.
     0 | D:1      | Reached XP level 1. HP: 18/18 MP: 0/0
   135 | D:1      | Gained mutation: You have a pair of small antennae on your head. [demonic ancestry]
   135 | D:1      | Reached XP level 2. HP: 14/24 MP: 1/1
   786 | D:2      | Gained mutation: You are partially covered in molten scales (AC +1). [demonic ancestry]
   786 | D:2      | Reached XP level 3. HP: 30/30 MP: 2/2
  1377 | D:3      | Gained mutation: You can spit poison. [potion of beneficial mutation]
  1549 | D:3      | Reached XP level 4. HP: 8/36 MP: 3/3
  2334 | D:4      | Found Pomiryil's Armour Emporium.
  2351 | D:4      | Reached skill level 4 in Long Blades
  2374 | D:4      | Bought a +2 cloak of preservation for 191 gold pieces
  2429 | D:4      | Gained mutation: You are mostly covered in molten scales (AC +3, EV -1). [demonic ancestry]
  2429 | D:4      | Reached XP level 5. HP: 26/42 MP: 4/4
  2574 | D:4      | Noticed an ogre
  2609 | D:4      | Killed an ogre
  2609 | D:4      | Reached skill level 5 in Long Blades
  2609 | D:4      | Gained mutation: You have a pair of antennae on your head. [demonic ancestry]
  2609 | D:4      | Reached XP level 6. HP: 37/49 MP: 5/5
  2630 | D:4      | Found a shimmering altar of Xom.
  2640 | D:4      | Slain by a gnoll

Action                   |  1- 3 |  4- 6 || total
-------------------------+-------+-------++-------
Melee: Falchion          |   232 |   173 ||   405
  Use: Scroll            |     6 |       ||     6
       Potion            |     1 |     4 ||     5
